 Dungeon Crawl Stone Soup version 0.27-a0-1359-ga2a4dfd6fd (webtiles) character file.

Game seed: 4845667380283937027

70 night the Insei (level 4, 0/29 HPs)
             Began as an Octopode Transmuter on June 28, 2021.
             Succumbed to an adder's poison
             ... on level 1 of the Dungeon.
             The game lasted 00:03:16 (1669 turns).

night the Insei (Octopode Transmuter)               Turns: 1669, Time: 00:03:17

Health: 0/29       AC:  1    Str: 10    XL:     4   Next: 21%
Magic:  7/7        EV: 13    Int: 15    God:
Gold:   67         SH:  0    Dex: 12    Spells: 5/8 levels left

rFire    . . .     SeeInvis .     - Unarmed
rCold    . . .     Faith    .   (no shield)
rNeg     . . .     Spirit   .   (helmet restricted)
rPois    .         Reflect  .   a - amulet of magic regeneration
rElec    .         Harm     .   (no ring)
rCorr    .         Rampage  .   (no ring)
Will     .....                  (no ring)
Stlth    ++........             (no ring)
HPRegen  0.09/turn              (no ring)
MPRegen  0.35/turn              (no ring)
                                (no ring)
                                (no ring)

@: lethally poisoned (0 -> -6)
A: almost no armour, amphibious, 8 rings, camouflage 1, gelatinous body 1,
(nimble swimmer 1), tentacles
a: no special abilities


You were on level 1 of the Dungeon.
You visited 1 branch of the dungeon, and saw 2 of its levels.

You collected 67 gold pieces.

Inventory:

Jewellery
 a - an amulet of magic regeneration (around mantle)


   Skills:
 + Level 1.9 Fighting
 + Level 2.5 Dodging
 + Level 3.4 Unarmed Combat
 + Level 2.5 Spellcasting
 + Level 2.6 Transmutations


You had 5 spell levels left.
You knew the following spells:

 Your Spells              Type           Power      Damage    Failure   Level
a - Beastly Appendage     Tmut           18%        N/A       7%          1
b - Wereblood             Tmut           9%         N/A       11%         2

Your spell library contained the following spells:

 Spells                   Type           Power      Damage    Failure   Level
 Spider Form              Tmut/Pois      2%         N/A       36%         3
 Ice Form                 Ice/Tmut       5%         N/A       77%         4


Dungeon Overview and Level Annotations

Branches:
Dungeon (2/15)

Altars:


Innate Abilities, Weirdness & Mutations

You cannot wear most types of armour.
You are amphibious.
You can wear up to eight rings at the same time.
Your skin changes colour to match your surroundings (Stealth+).
Your rubbery body absorbs attacks. (AC +1, EV +1)
((You are camouflaged near water. (Stealth+)))
You have tentacles for arms and can constrict up to eight enemies at once.


Message History

The adder poisons you!
You feel sick.
You feel sick. The adder misses you.
You feel sick.
You feel sick.
You are no longer poisoned.
You see here the felid skeleton of Natasha.
The adder closely misses you. The adder closely misses you.
The adder misses you. The adder closely misses you.
The adder's inner flame fades away.
The adder closely misses you. The adder bites you. The adder bites you.
You are poisoned.
The adder poisons you!
There is an open door here.
You feel sick.
You feel sick.
You feel sick.
You feel sick.
You are no longer poisoned.
The adder bites you but does no damage.
There is a stone staircase leading up here.
The adder bites you.
* * * LOW HITPOINT WARNING * * *
You are poisoned.
The adder poisons you!
You climb upwards.
* * * LOW HITPOINT WARNING * * *
You feel sick.
There is a stone staircase leading down here.
You barely miss the adder. Your grab misses the adder.
You feel sick. The adder bites you.
* * * LOW HITPOINT WARNING * * *
You are more poisoned.
The adder poisons you!
You tentacle-slap the adder. Your grab misses the adder.
The adder is heavily wounded.
You die...

###...#.##........
#.................
#.#...............
#.##.##.#.........
#.##.##.#..#.....#
#.##....#..##...##
#.##..###..###'##
#S##.......# #.#
#@###.###.## #.#
#.........# ##.##
#####.#######...##
#.##.........#
#.##.#######.#
#....# #.# ####.#
#.# #.# #.. #.#
#.#


You could see an adder.

Vanquished Creatures
  Natasha (D:2)
  A gnoll (D:1)
  An adder (D:2)
  A dart slug (D:1)
  2 ball pythons
  5 endoplasms
  2 giant cockroaches (D:1)
  3 hobgoblins (D:1)
  3 bats
  A frilled lizard (D:1)
  7 rats (D:1)
27 creatures vanquished.

Notes
Turn   | Place    | Note
-------+----------+-------------------------------------------
     0 | D:1      | night the Octopode Transmuter began the quest for the Orb.
     0 | D:1      | Reached XP level 1. HP: 13/13 MP: 3/3
   288 | D:1      | Reached XP level 2. HP: 14/18 MP: 5/5
   291 | D:1      | Learned a level 2 spell: Wereblood
   786 | D:1      | Reached XP level 3. HP: 23/23 MP: 6/6
  1354 | D:2      | Noticed Natasha
  1356 | D:2      | Found a faded altar of an unknown god.
  1360 | D:2      | Killed Natasha
  1361 | D:2      | Reached XP level 4. HP: 19/29 MP: 5/7
  1667 | D:1      | HP: 4/29 [poisoned by an adder]
  1668 | D:1      | HP: 1/29 [adder (2)]
  1669 | D:1      | Succumbed to an adder's poison

Illustrated notes

Levels and vault maps discovered:
D:1:      lemuel_arrival_muddy, layout_loops_corners, nrook_campfire
D:2:      kennysheep_the_goblin_king, layout_basic,
          ebering_ecumenical_altar_box, uniq_natasha

Action                   |  1- 3 |  4- 6 || total
-------------------------+-------+-------++-------
Melee: Unarmed           |    49 |    16 ||    65
       Constrict         |    11 |     2 ||    13
       Tentacles         |     6 |     2 ||     8
       Kick              |     1 |       ||     1
 Cast: Beastly Appendage |     2 |       ||     2
       Wereblood         |     1 |       ||     1
  Use: Scroll            |     1 |     2 ||     3
       Potion            |       |     1 ||     1
 Stab: Sleeping          |    10 |       ||    10
Armor: Skin              |     3 |     2 ||     5
Dodge: Dodged            |    21 |    20 ||    41

Table legend: (Time is in decaauts)
 A = Elapsed time spent in this place.
 B = Non-inter-level travel time spent in this place.
 C = Inter-level travel time spent in this place.
 D = Time resting spent in this place.
 E = Time spent auto-exploring this place.
 F = Levels seen in this place.
 G = Mean time per level.
                   A        B        C        D        E       F      G
               +--------+--------+--------+--------+--------+-----+--------+
         Total |   1666 |   1588 |     78 |     55 |   1317 |   2 |  833.0 |
       Dungeon |   1666 |   1588 |     78 |     55 |   1317 |   2 |  833.0 |
               +--------+--------+--------+--------+--------+-----+--------+

Top non-repeatable levels by time:
     D:1: 1327 daAuts
     D:2: 338 daAuts
